 Dungeon Crawl Stone Soup version 0.26-a0-597-gb535b0901c (webtiles) character file.

Game seed: 12974519219447951517

142 Lanoc the Digger (level 5, 0/34 HPs)
             Began as a Draconian Earth Elementalist on Sept 14, 2020.
             Was a Follower of Hepliaklqana.
             Succumbed to a worker ant's poison
             ... on level 3 of the Dungeon.
             The game lasted 00:03:48 (3461 turns).

Lanoc the Digger (Draconian Earth Elementalist)     Turns: 3461, Time: 00:03:49

Health: 0/34       AC:  5    Str: 10    XL:     5   Next: 3%
Magic:  3/8        EV: 13    Int: 17    God:    Hepliaklqana [*.....]
Gold:   110        SH:  0    Dex: 11    Spells: 5/8 levels left

rFire    . . .     SeeInvis .   (no weapon)
rCold    . . .     Faith    .   (no shield)
rNeg     . . .     Spirit   .   (armour unavailable)
rPois    .         Reflect  .   (helmet restricted)
rElec    .         Harm     .   (no cloak)
rCorr    .                      (no gloves)
MR       .....                  (no boots)
Stlth    ++........             (no amulet)
HPRegen  0.11/turn              (no ring)
MPRegen  0.11/turn              (no ring)

@: lethally poisoned (0 -> -14)
A: unfitting armour, reduced essence, cold-blooded, AC +5
a: Recall Ancestor, Ancestor Identity, Renounce Religion


You were on level 3 of the Dungeon.
You worshipped Hepliaklqana.
Hepliaklqana was aware of your devotion.
You visited 1 branch of the dungeon, and saw 3 of its levels.

You collected 110 gold pieces.

Inventory:

Missiles
 b - 22 stones (quivered)
Scrolls
 a - a scroll of enchant armour
 c - a scroll of remove curse
 e - a scroll of immolation
Potions
 d - a potion of mutation {unknown}
 f - a potion of degeneration {unknown}
 g - a potion of berserk rage {unknown}
 h - a potion of flight {unknown}


   Skills:
 + Level 3.0 Dodging
 - Level 1.7 Stealth
 - Level 2.0 Spellcasting
 - Level 1.0 Transmutations
 * Level 5.0 Earth Magic


You had 5 spell levels left.
You knew the following spells:

 Your Spells              Type           Power        Failure   Level
a - Sandblast             Erth           ###...       2%          1
b - Passwall              Tmut/Erth      ##......     9%          2

Your spell library contained the following spells:

 Spells                   Type           Power        Failure   Level
 Stone Arrow              Conj/Erth      ##....       21%         3
 Petrify                  Tmut/Erth      ##......     50%         4
 Lee's Rapid Deconstruct  Erth           ###.......   56%         5


Dungeon Overview and Level Annotations

Branches:
Dungeon (3/15)

Altars:
Hepliaklqana


Innate Abilities, Weirdness & Mutations

Your plain brown scales are hard. (AC +5)
You cannot fit into any form of body armour.
You are cold-blooded and may be slowed by cold attacks.
Your life essence is reduced to manifest your ancestor. (-10% HP)


Message History

The blast of sand hits the worker ant.
The worker ant is severely wounded.
b - 23 stones The worker ant bites you.
* * * LOW HITPOINT WARNING * * *
You are more poisoned.
The worker ant poisons you! Ælfthryth barely misses the worker ant.
The worker ant bites you but does no damage.
Casting: Sandblast (safe; 2% risk of failure)
Confirm with . or Enter, or press ? or * to list all spells.
Aiming: Sandblast (safe; 2% risk of failure)
Press: ? - help, Shift-Dir - straight line, f/p - worker ant
Aim: a worker ant (severely wounded)
The blast of sand hits the worker ant!
You kill the worker ant!
Your Dodging skill increases to level 3!
Your Earth Magic skill increases to level 5!
You have reached level 5!
b - 22 stones You die...

#.........####
#............. #
#####......... #.
#....#..... ###.. ######
#..††#.....
......##....###....#.....
.........................
......##.....##....#.....
......##@....##....###...
......b†R###.##....# ####
......##.# #.##....#
.........# #.##....#
.........# #.###.### ###
.....# #.###.###
......##.#.....######
.......#..........#...
..........†#.......#...


You could see the friendly Ælfthryth the ancestor and a bat.

Vanquished Creatures
  A worker ant (D:3)
  Robin (D:2)
  A gnoll (D:1)
  An adder (D:2)
  2 oozes
  2 worms
  A leopard gecko (D:2)
  An orc (D:3)
  9 goblins
  9 hobgoblins
  8 jackals
  A quokka (D:2)
  A ball python (D:1)
  7 bats
  2 frilled lizards
  7 kobolds
  2 rats (D:2)
56 creatures vanquished.

Vanquished Creatures (collateral kills)
  An adder (D:2)
  2 bats (D:2)
  A giant cockroach (D:3)
  A kobold (D:3)
5 creatures vanquished.

Vanquished Creatures (others)
  4 toadstools (D:1)
4 creatures vanquished.

Grand Total: 65 creatures vanquished

Notes
Turn   | Place    | Note
-------+----------+-------------------------------------------
     0 | D:1      | Lanoc the Draconian Earth Elementalist began the quest for
                  | the Orb.
     0 | D:1      | Reached XP level 1. HP: 14/14 MP: 3/3
   471 | D:1      | Reached XP level 2. HP: 9/20 MP: 0/5
   973 | D:1      | Reached XP level 3. HP: 26/26 MP: 6/6
  1139 | D:2      | Reached skill level 4 in Earth Magic
  1669 | D:2      | Noticed Robin
  1920 | D:1      | Learned a level 2 spell: Passwall
  2211 | D:2      | Killed Robin
  2211 | D:2      | Reached XP level 4. HP: 20/33 MP: 0/7
  2615 | D:2      | Found a faded altar of an unknown god.
  2641 | D:2      | Became a worshipper of Hepliaklqana the Forgotten
  2641 | D:2      | Reached * piety under Hepliaklqana
  3460 | D:3      | HP: 1/29 [worker ant (5)]
  3461 | D:3      | Reached skill level 5 in Earth Magic
  3461 | D:3      | Reached XP level 5. HP: 1/34 MP: 3/8
  3461 | D:3      | Succumbed to a worker ant's poison

Illustrated notes

Levels and vault maps discovered:
D:1:      ldierk_water_garden, layout_loops_corners
D:2:      layout_loops_cross, chequers_ecumenical_altar_island, uniq_robin
D:3:      layout_basic

Skill      XL: |  1  2  3  4 |
---------------+-------------+-----
Dodging        | 2 3 |  3.0
Earth Magic    | 4 5 |  5.0
Stealth        | |  1.7
Spellcasting   | |  2.0
Transmutations | |  1.0

Action                   |  1- 3 |  4- 6 || total
-------------------------+-------+-------++-------
Melee: Unarmed           |   180 |   112 ||   292
       Tailslap          |    22 |    10 ||    32
 Cast: Sandblast         |    28 |     8 ||    36
  Use: Scroll            |     3 |       ||     3
 Stab: Sleeping          |     3 |     1 ||     4
Armor: Skin              |   103 |    33 ||   136
Dodge: Dodged            |   193 |    93 ||   286

Table legend: (Time is in decaauts)
 A = Elapsed time spent in this place.
 B = Non-inter-level travel time spent in this place.
 C = Inter-level travel time spent in this place.
 D = Time resting spent in this place.
 E = Time spent auto-exploring this place.
 F = Levels seen in this place.
 G = Mean time per level.
                   A        B        C        D        E       F      G
               +--------+--------+--------+--------+--------+-----+--------+
         Total |   3469 |   3429 |     40 |    224 |   2636 |   3 | 1156.3 |
       Dungeon |   3469 |   3429 |     40 |    224 |   2636 |   3 | 1156.3 |
               +--------+--------+--------+--------+--------+-----+--------+

Top non-repeatable levels by time:
     D:1: 1615 daAuts
     D:2: 1264 daAuts
     D:3: 590 daAuts
